 Dungeon Sprint DCSS version 0.30.1-4-g462c640d31 (webtiles) character file.

Game seed: 17069872803103891178

23837 Heoruswealwe the Ninja (level 12, -5/70 HPs)
             Began as a Spriggan Artificer on Sept 7, 2023.
             Was an Initiate of Gozag.
             Killed from afar by an oklob plant (28 damage)
             ... with a splash of acid
             ... in the Dungeon (Sprint I: "Red Sonja").
             The game lasted 00:55:54 (2737 turns).

Heoruswealwe the Ninja (Spriggan Artificer)         Turns: 2737, Time: 00:55:56

Health: -5/70      AC: 13    Str:  8    XL:     12   Next: 75%
Magic:  13/13      EV: 38    Int: 12    God:    Gozag
Gold:   1496       SH:  0    Dex: 21    Spells: 11/11 levels left

rFire   + + .        b - +0 dagger of Blood-Lust {protect, rF+}
rCold   . . .        (no shield)
rNeg    . . .        c - +2 robe {Will+}
rPois   .            (helmet restricted)
rElec   .            h - +1 cloak {Stlth+}
rCorr   .            (gloves unavailable)
SInv    +            (boots unavailable)
Will    +++..        (no amulet) Stlth *+++++++++
                     k - ring of flight
HPRegen 0.31/turn    j - ring of protection from fire
MPRegen 0.13/turn

%: no teleportation
@: mighty, gold aura, under a protective aura, flying, hasted, very quick
A: very small, no large weapons, unfitting armour, see invisible, speed 3
a: Renounce Religion, Potion Petition, Call Merchant, Bribe Branch


You were in the Dungeon.
You worshipped Gozag.
Gozag was most pleased with you.
You visited 1 branch You collected 8656 gold pieces.
You spent 5656 gold pieces at shops.
You donated 33 gold pieces to Zin.
You paid 1471 gold pieces to Gozag.

Inventory:

Hand Weapons
 a - a +4 dagger of speed
 b - the +0 dagger of Blood-Lust (weapon) {protect, rF+}
   (You bought it in a shop in the Dungeon)

   rF:        It protects you from fire.
Armour
 c - a +2 robe of willpower (worn)
 h - a +1 cloak of stealth (worn)
Jewellery
 g - the ring "Lizoaroa" {+Blink rCorr Int+5 Dex-2 Stlth+}
   (You took it off a deep elf annihilator in the Dungeon)

   [ring of resist corrosion]

   Int:       It affects your intelligence (+5).
   Dex:       It affects your dexterity (-2).
   +Blink:    It lets you blink.
   rCorr:     It protects you from acid and corrosion.
   Stlth:     It makes you more stealthy.
 j - a ring of protection from fire (right hand)
 k - a ring of flight (left hand)
 u - a ring of protection from fire
Wands
 d - a wand of charming (14)
 r - a wand of polymorph (6)
Scrolls
 e - 2 scrolls of blinking
Potions
 f - 12 potions of curing
 l - 3 potions of haste
 m - 4 potions of cancellation
 n - 2 potions of mutation
 o - 2 potions of might
Miscellaneous
 q - a condenser vane (inert)
 t - a lightning rod (3/4)


   Skills:
 + Level 11.4 Fighting
 + Level 14.6 Short Blades
 * Level 21.7 Dodging
 O Level 27 Stealth
 + Level 17.6 Evocations


You had 11 spell levels left.
You didn't know any spells.
Your spell library contained the following spells:

 Spells                   Type           Power      Damage    Failure   Level
 Sublimation of Blood     Necr           0%         N/A       45%         2
 Wereblood                Tmut           0%         N/A       45%         2
 Tukima's Dance           Hex            0%         N/A       69%         3
 Passage of Golubria      Tloc           0%         N/A       97%         4
 Summon Lightning Spire   Summ/Air       0%         N/A       97%         4
 Yara's Violent Unravell  Hex/Tmut       0%         3d3       100%        5
 Spellforged Servitor     Conj/Summ      0%         N/A       100%        7
 Summon Hydra             Summ           0%         N/A       100%        7
 Dragon's Call            Summ           0%         N/A       100%        9


Dungeon Overview and Level Annotations

Branches:
Dungeon (1/1)

Altars:
Cheibriados
Dithmenos
Elyvilon
Fedhas
Gozag
Hepliaklqana
Kikubaaqudgha
Makhleb
Nemelex Xobeh
Okawaru
Qazlal
Ru
Sif Muna
Trog
Uskayaw
Vehumet
Wu Jian
Xom
Yredelemnul
Zin
The Shining One
Jiyva
Lugonu

Shops:
D :!:[!(**!(:(=*[[[(![*=[

Annotations:
D exclusion: oklob plant, Tiamat


Innate Abilities, Weirdness & Mutations

You are very small and have problems with some larger weapons.
You are too small for most types of armour.
You have supernaturally acute eyesight. (SInv)
You cover ground extremely quickly. (Speed+++)


Message History

A mummy priest comes into view.
You start resting.
HP restored.
As you read the scroll of identify, it crumbles to dust.
s - a scroll of butterflies You drop a scroll of butterflies.
You feel yourself speed up.
You feel very mighty all of a sudden.
An oklob plant comes into view.
Marking area around an oklob plant as unsafe for travelling.
You strike the helpless mummy priest from behind!
You stick the mummy priest like a pincushion!!!!
Your weapon exudes an aura of protection.
You destroy the mummy priest!
You feel extremely nervous for a moment...
Your body is wracked with pain!
Your lightning rod (4/4) has regained two charges.
You hit the oklob plant but do no damage.
You see here 72 gold pieces.
You hit the oklob plant.
The oklob plant is lightly damaged.
You hit the oklob plant.
The oklob plant is lightly damaged.
You hit the oklob plant but do no damage.
The oklob plant is lightly damaged.
You hit the oklob plant but do no damage.
The oklob plant is lightly damaged.
The oklob plant spits acid at you. The splash of acid hits you!
Clouds of poison gas condense around you!
The condenser dries out!
Aiming: Thunderbolt
Press: ? - help, Shift-Dir - straight line, f - oklob plant
Aim: an oklob plant (poison gas, lightly damaged)
The thunderbolt hits the oklob plant!!
The oklob plant is heavily damaged.
The oklob plant spits acid at you. The splash of acid hits you!!
You die...
Your body crumbles into a pile of gold.

§§'§#+*$###+#)..##..#.§§§.#...#$$
+####,,$*,#.##...#.)##§§.§#.∩.#$$
,,,,*,,$**#..###.#?)≈###+##...#$$
,,,,+,,$$$##.#A#.#..≈..#.####+#$$
#,,,*,,,,,#..###.#..≈.##+#..§.##$
#,,,***++*#.##...#..≈##§.§.....##
#,,***,,**#..#+###..≈#..§§§.....#
#,,****$$*##...#P≈..##...§......#
#*+*$$*$$*$###.#@§..#....§§..§...
#*,*$$$$$$$$$#.###..#...§§§§.§...
#***$$$$$$$$$#.#,'..##.........§#
#,$+$$$$$$####'#,##'##..........#
#####$$$###....#,*~~~##§.§.....##
#).!#####...####,*~~~~##)[?)?)##$
#....).)).###,,,,*~~~~~########,,
......#####,,^,****~~~~*~~~~~*,,,
(....##,,,,,,,,*$$*'~~~'~~,~~',,,


You could see an oklob plant.

Vanquished Creatures
  A golden dragon (D)
  A shadow dragon (D)
  4 fire giants (D)
  A deep elf annihilator (D)
  A mummy priest (D)
  A hydra (D)
  2 centaur warriors (D)
  Sonja (D)
  A deep troll (D)
  A lindwurm (D)
  An oklob plant (D)
  8 shining eyes (D)
  2 merfolk sirens (D)
  2 demonic crawlers (D)
  A gargoyle (D)
  2 kobold demonologists (D)
  7 unseen horrors (D)
  A hellwing (D)
  5 hornets (D)
  Sigmund (D)
  A slime creature (D)
  13 hogs (D)
  A yak (D)
  2 redbacks (D)
  7 floating eyes (D)
  An ogre (D)
  7 necrophages (D)
  8 jellies (D)
  Ijyb (D)
  A ballistomycete spore (D)
86 creatures vanquished.

Vanquished Creatures (collateral kills)
  2 demonic crawlers (D)
2 creatures vanquished.

Vanquished Creatures (others)
  A ballistomycete spore (D)
1 creature vanquished.

Grand Total: 89 creatures vanquished

Notes
Turn   | Place    | Note
-------+----------+-------------------------------------------
     0 | D        | Heoruswealwe the Spriggan Artificer began the quest for the
                  | Orb.
     0 | D        | Reached XP level 1. HP: 9/9 MP: 2/2
     1 | D        | Noticed Ijyb
     8 | D        | Killed Ijyb
     9 | D        | Reached skill level 9 in Stealth
     9 | D        | Reached XP level 2. HP: 12/14 MP: 3/3
    22 | D        | Noticed an ogre
    25 | D        | Killed an ogre
    26 | D        | Reached skill level 14 in Stealth
    26 | D        | Reached XP level 3. HP: 17/17 MP: 4/4
    26 | D        | Reached XP level 4. HP: 21/21 MP: 5/5
    34 | D        | Noticed Sigmund
    37 | D        | Killed Sigmund
    38 | D        | Reached skill level 18 in Stealth
    38 | D        | Reached XP level 5. HP: 25/25 MP: 6/6
    50 | D        | Found an ornate altar of the Wu Jian Council.
    50 | D        | Found a shimmering blue altar of Sif Muna.
    52 | D        | Found a radiant altar of Vehumet.
    57 | D        | Reached XP level 6. HP: 29/29 MP: 7/7
    88 | D        | Found Oschunt's Book Emporium.
    88 | D        | Found an ancient bone altar of Kikubaaqudgha.
    88 | D        | Found a hazy altar of Hepliaklqana.
    88 | D        | Found a stormy altar of Qazlal.
    88 | D        | Found a hide-covered altar of Uskayaw.
    88 | D        | Found a blossoming altar of Fedhas.
    88 | D        | Found a bloodstained altar of Trog.
    88 | D        | Found an iron altar of Okawaru.
    88 | D        | Found a basalt altar of Yredelemnul.
    88 | D        | Found a glowing golden altar of the Shining One.
    88 | D        | Found a snail-covered altar of Cheibriados.
    88 | D        | Found a sacrificial altar of Ru.
    88 | D        | Found a glowing silver altar of Zin.
    88 | D        | Found a shadowy altar of Dithmenos.
    88 | D        | Found a white marble altar of Elyvilon.
    88 | D        | Noticed a yak
    89 | D        | Found an opulent altar of Gozag.
    90 | D        | Killed a yak
    91 | D        | Reached skill level 21 in Stealth
    91 | D        | Found a sparkling altar of Nemelex Xobeh.
    96 | D        | Became a worshipper of Zin the Law-Giver
    96 | D        | Reached * piety under Zin
    96 | D        | Reached ** piety under Zin
    96 | D        | Reached *** piety under Zin
    96 | D        | Reached **** piety under Zin
    96 | D        | Reached ***** piety under Zin
    96 | D        | Reached ****** piety under Zin
   105 | D        | Noticed Sonja
   109 | D        | Killed Sonja
   110 | D        | Reached skill level 24 in Stealth
   110 | D        | Reached XP level 7. HP: 32/32 MP: 8/8
   122 | D        | Found Jebut's Magic Scroll Boutique.
   133 | D        | Noticed a shining eye
   133 | D        | Noticed a shining eye
   133 | D        | Noticed a shining eye
   133 | D        | Noticed a shining eye
   133 | D        | Noticed a shining eye
   133 | D        | Noticed a shining eye
   136 | D        | Reached skill level 1 in Fighting
   136 | D        | Reached skill level 1 in Short Blades
   136 | D        | Reached skill level 25 in Stealth
   136 | D        | Reached XP level 8. HP: 37/37 MP: 9/9
   136 | D        | Noticed a shining eye
   136 | D        | Noticed a shining eye
   139 | D        | Reached skill level 5 in Evocations
   145 | D        | Reached skill level 5 in Dodging
   149 | D        | Killed a shining eye
   155 | D        | Killed a shining eye
   156 | D        | Reached skill level 5 in Short Blades
   156 | D        | Reached XP level 9. HP: 45/45 MP: 10/10
   194 | D        | Killed a shining eye
   195 | D        | Reached skill level 26 in Stealth
   221 | D        | Killed a shining eye
   222 | D        | Reached skill level 5 in Fighting
   249 | D        | Killed a shining eye
   273 | D        | Killed a shining eye
   274 | D        | Reached skill level 10 in Evocations
   308 | D        | Killed a shining eye
   309 | D        | Reached skill level 10 in Dodging
   309 | D        | Reached XP level 10. HP: 53/53 MP: 11/11
   328 | D        | Killed a shining eye
   339 | D        | Fell from the grace of Zin
   339 | D        | Became a worshipper of Gozag Ym Sagoz the Greedy
   360 | D        | Found Heniyte's Book Shoppe.
   360 | D        | Found Adowua's Armour Shop.
   360 | D        | Found Noodyqoh's Distillery.
   360 | D        | Found Muox's Distillery.
   393 | D        | Noticed a deep troll
   397 | D        | Killed a deep troll
   398 | D        | Reached skill level 27 in Stealth
   408 | D        | Found Lulodiost's Armour Emporium.
   418 | D        | Bought a +2 robe of willpower for 177 gold pieces
   448 | D        | Noticed a centaur warrior
   448 | D        | Noticed a centaur warrior
   451 | D        | Killed a centaur warrior
   453 | D        | Killed a centaur warrior
   497 | D        | Noticed an oklob plant
   499 | D        | Killed an oklob plant
   525 | D        | Reached skill level 10 in Short Blades
   577 | D        | Reached XP level 11. HP: 60/60 MP: 12/12
   674 | D        | Identified the +2 robe of Starshine {Rampage rElec rN++
                  | Stlth-}
   695 | D        | Found Jeffoly's Assorted Antiques.
   695 | D        | Found Ovoum's Weapon Shop.
   695 | D        | Found Tephilugg's Assorted Antiques.
   701 | D        | Found Vashriux's Weapon Boutique.
   701 | D        | Found Ryze Hue's General Store.
   701 | D        | Found Epsotan's Distillery.
   703 | D        | Found Wohesoamm's Armour Boutique.
   703 | D        | Found Saurod Kyrch's Antique Armour Shoppe.
   703 | D        | Found Falet's Antique Armour Shop.
   703 | D        | Found Itaefy's Jewellery Emporium.
   703 | D        | Found Seylu's Antique Weapon Boutique.
   703 | D        | Found Aceuzxag's Book Shoppe.
   703 | D        | Found Boutipp's Antique Weapon Shop.
   707 | D        | Found Huon's Distillery.
   710 | D        | Bought a shimmering robe for 159 gold pieces
   710 | D        | Identified the +1 robe "Damnable Contraption" {-Cast
                  | Rampage rC+ Will+} (You bought it in a shop in the Dungeon)
   712 | D        | Bought an ichor-stained dagger for 133 gold pieces
   712 | D        | Identified the +0 dagger of Blood-Lust {protect, rF+} (You
                  | bought it in a shop in the Dungeon)
   716 | D        | Bought a cyan potion for 18 gold pieces
   716 | D        | Bought a condenser vane for 840 gold pieces
   716 | D        | Bought a scroll labelled BUG ANALAGH for 21 gold pieces
   716 | D        | Bought a glowing iron wand for 84 gold pieces
   717 | D        | Bought 2 potions of curing for 144 gold pieces
   717 | D        | Bought a runed cloak for 180 gold pieces
   717 | D        | Bought a lightning rod (4/4) for 720 gold pieces
   717 | D        | Bought a scroll labelled KAETOSKEAVO for 24 gold pieces
   717 | D        | Bought a puce potion for 21 gold pieces
   717 | D        | Bought a scroll labelled KAETOSKEAVO for 24 gold pieces
   717 | D        | Bought a scroll labelled KAETOSKEAVO for 24 gold pieces
   779 | D        | Found a burning altar of Makhleb.
   779 | D        | Found a viscous altar of Jiyva.
   779 | D        | Found a shimmering altar of Xom.
   779 | D        | Found a corrupted altar of Lugonu.
   802 | D        | Reached skill level 15 in Dodging
   880 | D        | Bought a scroll of identify for 20 gold pieces
   880 | D        | Bought a scroll of identify for 20 gold pieces
   880 | D        | Bought a scroll of identify for 20 gold pieces
   880 | D        | Bought a scroll of identify for 20 gold pieces
   880 | D        | Bought a scroll of enchant weapon for 75 gold pieces
   880 | D        | Bought 2 scrolls of identify for 40 gold pieces
   880 | D        | Bought a scroll of blinking for 75 gold pieces
   908 | D        | Bought a potion of haste for 110 gold pieces
   908 | D        | Bought a potion of haste for 110 gold pieces
   908 | D        | Bought a potion of heal wounds for 55 gold pieces
   908 | D        | Bought a potion of might for 44 gold pieces
   908 | D        | Bought a potion of lignification for 33 gold pieces
   908 | D        | Bought a potion of degeneration for 11 gold pieces
  1127 | D        | Noticed a lindwurm
  1130 | D        | Killed a lindwurm
  1186 | D        | Bought 2 potions of attraction for 66 gold pieces
  1186 | D        | Bought a potion of heal wounds for 55 gold pieces
  1186 | D        | Bought 2 potions of curing for 66 gold pieces
  1186 | D        | Bought a potion of curing for 33 gold pieces
  1186 | D        | Bought a potion of heal wounds for 55 gold pieces
  1186 | D        | Bought 2 potions of heal wounds for 110 gold pieces
  1247 | D        | Bought a scroll of enchant armour for 90 gold pieces
  1247 | D        | Bought a potion of flight for 36 gold pieces
  1247 | D        | Bought a potion of curing for 36 gold pieces
  1249 | D        | Bought a potion of cancellation for 88 gold pieces
  1249 | D        | Bought a potion of curing for 33 gold pieces
  1249 | D        | Bought a potion of haste for 110 gold pieces
  1249 | D        | Bought a potion of curing for 33 gold pieces
  1249 | D        | Bought a potion of might for 44 gold pieces
  1357 | D        | Noticed a 12-headed hydra
  1359 | D        | Killed a 12-headed hydra
  1470 | D        | Bought 2 potions of flight for 66 gold pieces
  1474 | D        | Bought a ring of flight for 210 gold pieces
  1478 | D        | Bought a potion of haste for 130 gold pieces
  1478 | D        | Bought a potion of ambrosia for 104 gold pieces
  1478 | D        | Bought a potion of curing for 39 gold pieces
  1478 | D        | Bought a potion of heal wounds for 65 gold pieces
  1478 | D        | Bought a potion of cancellation for 104 gold pieces
  1478 | D        | Bought a potion of might for 52 gold pieces
  1736 | D        | Noticed a shadow dragon
  1736 | D        | Noticed a golden dragon
  1746 | D        | Killed a golden dragon
  1747 | D        | Reached skill level 15 in Evocations
  1747 | D        | Killed a shadow dragon
  1748 | D        | Reached skill level 10 in Fighting
  1748 | D        | Reached XP level 12. HP: 67/67 MP: 13/13
  1761 | D        | Got the Tractate on Production
  1805 | D        | Identified the +0 robe "Alaoddurgh" {Str+6}
  1823 | D        | Found Poelun's Antique Armour Shoppe.
  2026 | D        | Bought a potion of cancellation for 104 gold pieces
  2043 | D        | Bought a wand of iceblast (5) for 348 gold pieces
  2043 | D        | Bought a potion of curing for 87 gold pieces
  2043 | D        | Bought a potion of haste for 290 gold pieces
  2123 | D        | Noticed a daeva
  2213 | D        | Noticed a fire giant
  2216 | D        | Noticed a fire giant
  2217 | D        | Noticed a fire giant
  2218 | D        | Noticed a fire giant
  2231 | D        | Killed a fire giant
  2231 | D        | Killed a fire giant
  2232 | D        | Killed a fire giant
  2232 | D        | Killed a fire giant
  2261 | D        | Found the +4 dragonskin cloak
  2261 | D        | Noticed Tiamat
  2547 | D        | Identified the ring "Lizoaroa" {+Blink rCorr Int+5 Dex-2
                  | Stlth+}
  2547 | D        | Noticed a deep elf annihilator
  2554 | D        | Killed a deep elf annihilator
  2665 | D        | Noticed a mummy priest
  2729 | D        | Killed a mummy priest
  2737 | D        | Killed from afar by an oklob plant

Illustrated notes

Levels and vault maps discovered:
D:        dungeon_sprint_1 [red_sonja_temple_1, red_sonja_temple_small_1]

Skill      XL: |  1  2  3  4  5  6  7  8  9 10 11 12 |
---------------+-------------------------------------+-----
Stealth        | 9 14 18 24 25 26 27 | 27.0
Fighting       | 1 4 6 8 10 11 | 11.4
Short Blades   | 1 5 7 10 12 14 | 14.6
Dodging        | 7 10 14 18 21 | 21.7
Evocations     | 7 10 12 15 17 | 17.6

Action                     |  1- 3 |  4- 6 |  7- 9 | 10-12 || total
---------------------------+-------+-------+-------+-------++-------
  Melee: Dagger            |     1 |     4 |   142 |   132 ||   279
         Punch             |       |       |     5 |     3 ||     8
 Invoke: Call Merchant     |       |       |       |     2 ||     2
  Evoke: Wand              |     6 |       |       |    37 ||    43
         Lightning rod     |       |       |       |    26 ||    26
         Condenser vane    |       |       |       |     3 ||     3
    Use: Scroll            |       |       |       |    14 ||    14
         Potion            |       |       |       |    16 ||    16
   Stab: Sleeping          |     1 |     4 |     6 |    35 ||    46
         Paralysed         |       |       |       |     2 ||     2
         Distracted        |       |       |       |     1 ||     1
 Armour: Robe              |       |       |       |     8 ||     8
  Dodge: Dodged            |       |       |       |   156 ||   156
